 Dungeon Crawl Stone Soup version 0.29-a0-359-g541a27f54d (webtiles) character file.

Game seed: 4006552603006366427

182 zeratav the Shooter (level 5, -4/30 HPs)
             Began as a Tengu Hunter on Apr 27, 2022.
             Slain by an ice beast (11 damage)
             ... on level 4 of the Dungeon.
             The game lasted 00:04:23 (2975 turns).

zeratav the Shooter (Tengu Hunter)                  Turns: 2975, Time: 00:04:24

Health: -4/30      AC:  4    Str: 12    XL:     5   Next: 61%
Magic:  6/6        EV: 14    Int:  9    God:
Gold:   215        SH:  0    Dex: 19    Spells: 4/4 levels left

rFire   . . .      SeeInvis .   a - +1 shortbow {bow}
rCold   . . .      Faith    .   (shield currently unavailable)
rNeg    . . .      Spirit   .   q - +0 leather armour {rPois}
rPois   +          Reflect  .   (helmet restricted)
rElec   .          Harm     .   (no cloak)
rCorr   .          Rampage  .   o - +0 pair of gloves
Will    .....                   (boots unavailable)
Stlth   ++........              (no amulet)
HPRegen 0.10/turn               (no ring)
MPRegen 0.10/turn               (no ring)

@: flying quickly and evasively, quick
A: beak, talons 3, nimble flight
a: no special abilities


You were on level 4 of the Dungeon.
You visited 1 branch of the dungeon, and saw 4 of its levels.

You collected 215 gold pieces.


Innate Abilities, Weirdness & Mutations

You have a beak for a mouth.
You have claws for feet.
Your magical nature lets you fly swiftly and evasively.


   Skills:
 - Level 2.0 Fighting
 + Level 7.3 Bows
 - Level 2.1 Dodging
 - Level 1.0 Stealth


You had 4 spell levels left.
You didn't know any spells.
Your spell library contained the following spells:

 Spells                   Type           Power      Damage    Failure   Level
 Conjure Flame            Conj/Fire      0%         6-21      83%         3
 Ignite Poison            Fire/Tmut/Pois 0%         N/A       83%         3
 Sticky Flame             Conj/Fire      0%         2d3       99%         4

Inventory:

Hand Weapons
 a - a +1 shortbow (weapon) {bow}
 m - a +0 short sword of freezing {short}
   (You took it off a kobold on level 2 of the Dungeon)
 v - a +1 scimitar of venom {long}
   (You found it on level 4 of the Dungeon)
Armour
 o - a +0 pair of gloves (worn)
   (You found it on level 2 of the Dungeon)
 q - a +0 leather armour of poison resistance (worn)
   (You found it on level 2 of the Dungeon)
 w - a +0 ring mail
   (You found it on level 4 of the Dungeon)
 y - a +0 ring mail
   (You found it on level 4 of the Dungeon)
Jewellery
 b - a ring of fire
   (You found it on level 2 of the Dungeon)
 f - a ring of wizardry
   (You found it on level 1 of the Dungeon)
 z - an amulet of guardian spirit
   (You found it on level 4 of the Dungeon)
Wands
 n - a wand of polymorph (7)
   (You found it on level 2 of the Dungeon)
 x - a wand of acid (12)
   (You found it on level 4 of the Dungeon)
Scrolls
 c - 2 scrolls of immolation {!r!r}
 d - 2 scrolls of teleportation {unknown}
 h - 2 scrolls of noise {unknown}
 i - 4 scrolls of identify {unknown}
 j - a scroll of fog {unknown}
 r - a scroll of fear {unknown}
 t - a scroll of blinking {unknown}
Potions
 e - a potion of attraction {unknown}
 g - 2 potions of cancellation {unknown}
 k - a potion of curing {unknown}
 l - 2 potions of degeneration {unknown}
 p - a potion of haste {unknown}
 s - a potion of invisibility {unknown}
 u - a potion of flight {unknown}

Dungeon Overview and Level Annotations

Branches:
Dungeon (4/15)
 Temple: D:4-7

Altars:

######### #.......#
#.......# #.......#
#:Y...... #######
#######@##########......
#.............#..#>.....
#.............#.........
#.............#.........
#......♣......#.........
#....##.##....#..<......
#....#...#....#...>.....
#...♣.(♣..♣...#.........
#....#...#....#.........


You could see an ice beast.


Message History

No target in view!
No target in view!
No target in view!
No target in view!
No target in view!
No target in view!
No target in view!
No target in view!
No target in view!
No target in view!
A goblin, a kobold and an endoplasm come into view.
The kobold shouts!
There is an open door here.
There are monsters nearby!
You shoot an arrow.
The arrow completely misses the endoplasm.
The endoplasm quivers.
You shoot an arrow. The arrow hits the kobold!
You kill the kobold!
You shoot an arrow. The arrow hits the endoplasm!
You kill the endoplasm!
A giant cockroach comes into view.
You shoot an arrow. The arrow hits the goblin.
You shoot an arrow. The arrow hits the goblin.
You kill the goblin!
You shoot an arrow. The arrow hits the giant cockroach.
You kill the giant cockroach!
No target in view!
No target in view!
No target in view!
No target in view!
No target in view!
No target in view!
No target in view!
No target in view!
No target in view!
No target in view!
No target in view!
No target in view!
No target in view!
No target in view!
No target in view!
No target in view!
No target in view!
No target in view!
No target in view!
No target in view!
Things that are here:
a +0 dagger {short}; a goblin corpse
i - 4 scrolls labelled VUNUDGH GOGUMEM (gained 1)
You now have 215 gold pieces (gained 5).
x - a wand of acid (12)
Things that are here:
a +0 dagger {short}; a stone {throwing}; a kobold corpse
y - a +0 ring mail
z - an amulet of guardian spirit You reach down and open the door.
An ice beast comes into view.
There is an open door here.
Okay, then.
Shoot: a) +1 shortbow {bow}
Press: ? - help, Q - select action, (/) - cycle Shift-Dir - straight line, f - ice beast
Aim: an ice beast (asleep, 98% to hit)
You shoot an arrow.
The arrow hits the ice beast but does no damage.
You shoot an arrow. The arrow hits the ice beast.
You shoot an arrow. The arrow hits the ice beast.
You shoot an arrow. The arrow closely misses the ice beast.
You shoot an arrow. The arrow closely misses the ice beast.
The ice beast hits you. The ice beast freezes you!
You are too injured to fight recklessly!
You are too injured to fight recklessly!
You are too injured to fight recklessly!
You are too injured to fight recklessly!
HP[-9]
You take 9 damage, and now have 21/30 hp.
MASSIVE DAMAGE!! (PAUSE)
You are too injured to fight recklessly!
You are too injured to fight recklessly!
You are too injured to fight recklessly!
You are too injured to fight recklessly!
Shoot: a) +1 shortbow {bow}
Press: ? - help, Q - select action, (/) - cycle Shift-Dir - straight line, f/p - ice beast
Aim: an ice beast (lightly wounded, 66% to hit)
You shoot an arrow. The arrow hits the ice beast!
The ice beast closely misses you.
Shoot: a) +1 shortbow {bow}
Press: ? - help, Q - select action, (/) - cycle Shift-Dir - straight line, f/p - ice beast
Aim: an ice beast (heavily wounded, 66% to hit)
You shoot an arrow. The arrow hits the ice beast.
The ice beast hits you. The ice beast freezes you!
* * * LOW HITPOINT WARNING * * *
Shoot: a) +1 shortbow {bow}
Press: ? - help, Q - select action, (/) - cycle Shift-Dir - straight line, f/p - ice beast
Aim: an ice beast (severely wounded, 66% to hit)
You shoot an arrow. The arrow hits the ice beast.
The ice beast misses you. The ice beast hits you.
* * * LOW HITPOINT WARNING * * *
The ice beast freezes you!
You die...

Skill      XL: |  1  2  3  4  5 |
---------------+----------------+-----
Bows           | 5 6 7 |  7.3
Fighting       | |  2.0
Dodging        | |  2.1
Stealth        | |  1.0

Action                   |  1- 3 |  4- 6 || total
-------------------------+-------+-------++-------
 Fire: Shortbow          |    78 |   149 ||   227
Armor: Leather armour    |    14 |     8 ||    22
Dodge: Dodged            |    13 |    46 ||    59

Levels and vault maps discovered:
D:1:      dpeg_arrival_three_bigger_balls, layout_rooms, serial_forest,
          infiniplex_forest_clump_double, infiniplex_forest_lined_1,
          infiniplex_forest_clump_curved, infiniplex_forest_lined_3,
          infiniplex_forest_diagonal, infiniplex_forest_corner_1,
          infiniplex_forest_clump_medium
D:2:      layout_loops_corners, chequers_serial_rivers_large_b
D:3:      layout_basic, basic_ecumenical_altar
D:4:      layout_rooms, kennysheep_generic_room_2

Notes
Turn   | Place    | Note
-------+----------+-------------------------------------------
     0 | D:1      | zeratav the Tengu Hunter began the quest for the Orb.
     0 | D:1      | Reached XP level 1. HP: 12/12 MP: 2/2
     0 | D:1      | magus.rc [v1.9.6]
   143 | D:1      | Reached XP level 2. HP: 17/17 MP: 3/3
   148 | D:1      | Reached skill level 5 in Bows
   494 | D:1      | Reached XP level 3. HP: 18/21 MP: 4/4
  1094 | D:2      | Reached skill level 6 in Bows
  1183 | D:2      | Reached XP level 4. HP: 26/26 MP: 5/5
  1437 | D:2      | You add the spells Conjure Flame, Ignite Poison and Sticky
                  | Flame to your library.
  2097 | D:3      | Found a faded altar of an unknown god.
  2137 | D:3      | Gained mutation: Your magical nature lets you fly swiftly
                  | and evasively. [Tengu growth]
  2137 | D:3      | Reached XP level 5. HP: 26/30 MP: 6/6
  2514 | D:3      | Reached skill level 7 in Bows
  2967 | D:4      | Noticed an ice beast
  2975 | D:4      | HP: 7/30 [ice beast (3)]
  2975 | D:4      | Slain by an ice beast

Vanquished Creatures
  A gnoll (D:1)
  8 adders
  3 worms
  2 dart slugs
  An orc (D:3)
  5 ball pythons
  6 endoplasms
  2 giant cockroaches
  7 goblins
  6 hobgoblins
  7 jackals (D:3)
  3 quokkas
  13 bats
  2 frilled lizards (D:1)
  13 kobolds
  7 rats
86 creatures vanquished.

Vanquished Creatures (others)
  3 plants (D:1)
3 creatures vanquished.

Grand Total: 89 creatures vanquished

Table legend:
 A = Non-vault XP
 B = Vault XP
 C = Vault XP percentage of total XP
 D = Non-vault monster count
 E = Vault monster count
 F = Vault count percentage of total count
                 A         B        C        D         E       F
            +---------+---------+-------+---------+---------+-------
      Total |     258 |       2 |   0.8 |      85 |       1 |   1.2
            +---------+---------+-------+---------+---------+-------
        D:1 |      55 |       0 |   0.0 |      27 |       0 |   0.0
        D:2 |      66 |       0 |   0.0 |      20 |       0 |   0.0
        D:3 |      82 |       0 |   0.0 |      23 |       0 |   0.0
        D:4 |      55 |       2 |   3.5 |      15 |       1 |   6.2
            +---------+---------+-------+---------+---------+-------

Illustrated notes

Table legend:
 A = Kills in this place as a percentage of kills in entire the game.
 B = Kills by you in this place as a percentage of kills by you in the entire game.
 C = Kills by friends in this place as a percentage of kills by friends in the entire game.
 D = Other kills in this place as a percentage of other kills in the entire game.
 E = Experience gained in this place as a percentage of experience gained in the entire game.
 F = Experience gained in this place divided by the number of levels of this place that you have seen.
                   A       B       C       D       E      F
               +-------+-------+-------+-------+-------+----------------------
         Total | 100.0 | 100.0 |   N/A |   N/A | 100.0 |  65.0
       Dungeon | 100.0 | 100.0 |   N/A |   N/A | 100.0 |  65.0
               +-------+-------+-------+-------+-------+----------------------

Table legend: (Time is in decaauts)
 A = Elapsed time spent in this place.
 B = Non-inter-level travel time spent in this place.
 C = Inter-level travel time spent in this place.
 D = Time resting spent in this place.
 E = Time spent auto-exploring this place.
 F = Levels seen in this place.
 G = Mean time per level.
                   A        B        C        D        E       F      G
               +--------+--------+--------+--------+--------+-----+--------+
         Total |   3012 |   2877 |    135 |      0 |   2433 |   4 |  753.0 |
       Dungeon |   3012 |   2877 |    135 |      0 |   2433 |   4 |  753.0 |
               +--------+--------+--------+--------+--------+-----+--------+

Top non-repeatable levels by time:
     D:2: 1171 daAuts
     D:1: 811 daAuts
     D:3: 762 daAuts
     D:4: 266 daAuts
